AoeStats
← ivcrk826

MegaRandom

505411943Analyzed
1v1 RM · 23d ago on Sep 9, 2026· 44m 22s· 2 players
Game mode
Random Map
Map size
Tiny (2 player)
Population
200
Speed
Normal
Resources
Standard
Victory
Conquest
Starting age
Dark Age
Ending age
Imperial Age
RankedLock teamsTeams togetherTeam positionsShared explorationLock speedFull tech treeHidden civsTurbo modeCheats
Victory
Defeat
🇲🇽 Inca · Mexico
1227
+15
🇦🇷 Inca · Argentina
1203
-15
ivcrk826
0:27 Loom
13:03 Feudal Age
15:21 Double-Bit Axe
22:45 Castle Age
20:29 Champi Runner
21:35 Scale Mail Armor
21:45 Forging
27:35 Chain Mail Armor
28:07 Champi Warrior
32:54 Fletching
40:49 Imperial Age
40:51 Demolition Ship
JonMar
10:00 Loom
11:46 Feudal Age
15:48 Castle Age
15:10 Town Watch
19:50 Wheelbarrow
21:34 Hand Cart
36:21 Hand Cart
39:15 Town Patrol
Connection lost

Rejoining the realm…

Still unreachable

The connection could not be restored.

Session expired

The server has moved on; the page needs a fresh start.